 Dungeon Crawl Stone Soup version 0.29.1-1-gd02db6906a (webtiles) character file.

Game seed: 11462176503102323218

12162 Kaiern the Summoner (level 11, -4/80 HPs)
             Began as an Octopode Summoner on Oct 5, 2022.
             Was an Initiate of Gozag.
             Slain by an ice beast (9 damage)
             ... summoned by an ice statue
             ... in an ice cave.
             The game lasted 01:10:14 (11063 turns).

Kaiern the Summoner (Octopode Summoner)            Turns: 11063, Time: 01:10:14

Health: -4/80      AC:  1    Str:  7    XL:     11   Next: 89%
Magic:  31/33      EV: 23    Int: 37    God:    Gozag
Gold:   403        SH:  0    Dex: 20    Spells: 10/28 levels left

rFire   + + +      SeeInvis +   u - +12 dagger of Extermination {spect, rF+ Int+4 SInv}
rCold   . . .      Faith    .   (no shield)
rNeg    . . .      Spirit   .   (helmet restricted)
rPois   +          Reflect  .   (no amulet)
rElec   +          Harm     .   k - +6 ring of intelligence
rCorr   +          Rampage  .   s - ring of resist corrosion
Will    +....                   e - +4 ring of evasion
Stlth   +++.......              i - ring of Makhleb's Scorn {Fire Will+ Dex+6}
HPRegen 0.23/turn               E - ring of protection from cold
MPRegen 0.23/turn               C - ring "Peodyideer" {rElec rF+ Int+6 Stlth+}
                                K - ring of magical power
                                L - ring of poison resistance

@: confused, ambrosia-drunk
A: almost no armour, amphibious, 8 rings, camouflage 1, gelatinous body 1,
(nimble swimmer 1), tentacles
a: Renounce Religion, Potion Petition, Call Merchant, Bribe Branch


You were in an ice cave.
You worshipped Gozag.
Gozag was aware of your devotion.
You visited 2 branches of the dungeon, and saw 13 of its levels.
You also visited: Ice Cave.

You collected 1527 gold pieces.
You spent 1003 gold pieces at shops.
You paid 121 gold pieces to Gozag.

Inventory:

Hand Weapons
 u - the +12 dagger of Extermination (weapon) {spect, rF+ Int+4 SInv}
   (You bought it in a shop on level 4 of the Dungeon)

   When its wielder attacks, the weapon's spirit leaps out and strikes again.
   The spirit shares a part of any damage it takes with its wielder.
   Int:       It affects your intelligence (+4).
   rF:        It protects you from fire.
   SInv:      It lets you see invisible.
Missiles
 n - 4 throwing nets (quivered)
 p - 4 javelins
 t - 11 poisoned darts
 B - 2 boomerangs
Jewellery
 e - a +4 ring of evasion (on tentacle)
 i - the ring of Makhleb's Scorn (on tentacle) {Fire Will+ Dex+6}
   (You acquired it on level 5 of the Dungeon)

   [ring of fire]

   It enhances your fire magic.
   Dex:       It affects your dexterity (+6).
   rF:        It protects you from fire.
   rC:        It makes you vulnerable to cold.
   Will:      It increases your willpower.
 k - a +6 ring of intelligence (left tentacle)
 s - a ring of resist corrosion (right tentacle)
 C - the ring "Peodyideer" (on tentacle) {rElec rF+ Int+6 Stlth+}
   (You bought it in a shop on level 5 of the Dungeon)

   [ring of intelligence]

   Int:       It affects your intelligence (+6).
   rF:        It protects you from fire.
   rElec:     It insulates you from electricity.
   Stlth:     It makes you more stealthy.
 D - an amulet of guardian spirit
 E - a ring of protection from cold (on tentacle)
 H - a ring of fire
 I - a ring of see invisible
 K - a ring of magical power (on tentacle)
 L - a ring of poison resistance (on tentacle)
 M - a ring of flight
Wands
 d - a wand of flame (41)
 q - a wand of polymorph (6)
Scrolls
 c - 2 scrolls of amnesia
 o - 4 scrolls of identify
 w - 2 scrolls of fear
 y - 2 scrolls of poison
 A - a scroll of immolation
 F - 3 scrolls of enchant armour
 J - a scroll of summoning
 N - a scroll of blinking
Potions
 a - a potion of magic
 b - 4 potions of cancellation
 f - a potion of resistance
 g - a potion of berserk rage
 h - 4 potions of flight
 j - 8 potions of curing
 l - 2 potions of lignification
 m - 4 potions of haste
 r - a potion of degeneration
 v - 3 potions of mutation
 x - a potion of might
 z - 2 potions of ambrosia
 G - a potion of attraction


   Skills:
 + Level 9.0 Fighting
 + Level 9.0 Dodging
 - Level 5.2 Stealth
 + Level 9.0 Spellcasting
 + Level 9.4 Summonings
 + Level 2.2 Translocations
 - Level 4.0 Air Magic


You had 10 spell levels left.
You knew the following spells:

 Your Spells              Type           Power      Damage    Failure   Level
a - Summon Small Mammal   Summ           100%       N/A       1%          1
b - Call Imp              Summ           72%        N/A       1%          2
c - Call Canine Familiar  Summ           72%        N/A       1%          3
d - Summon Guardian Gole  Hex/Summ       51%        N/A       1%          3
e - Summon Lightning Spi  Summ/Air       60%        N/A       1%          4
f - Summon Forest         Summ/Tloc      28%        N/A       6%          5

Your spell library contained the following spells:

 Spells                   Type           Power      Damage    Failure   Level
 Blink                    Tloc           66%        N/A       1%          2
 Slow                     Hex            64%        N/A       2%          1
 Summon Ice Beast         Ice/Summ       51%        N/A       3%          4
 Portal Projectile        Hex/Tloc       48%        N/A       4%          3
 Confusing Touch          Hex            16%        N/A       7%          3
 Conjure Flame            Conj/Fire      25%        6-21      7%          3
 Ignite Poison            Fire/Tmut/Pois 25%        N/A       7%          3
 Inner Flame              Hex/Fire       25%        N/A       7%          3
 Tukima's Dance           Hex            16%        N/A       7%          3
 Vampiric Draining        Necr           16%        2d7       7%          3
 Cause Fear               Hex            8%         N/A       24%         4
 Petrify                  Tmut/Erth      16%        N/A       24%         4
 Sticky Flame             Conj/Fire      25%        2d5       24%         4
 Blade Hands              Tmut           8%         N/A       54%         5
 Metabolic Englaciation   Hex/Ice        8%         N/A       54%         5
 Statue Form              Tmut/Erth      10%        N/A       98%         6
 Discord                  Hex            8%         N/A       100%        8
 Polar Vortex             Ice            8%         N/A       100%        9


Dungeon Overview and Level Annotations

Branches:
Dungeon (12/15)            Temple (1/1) D:6            Lair (0/5) D:9
  IceCv (1/1)
    Orc: D:9-12

Altars:
Ashenzari
Cheibriados
Dithmenos
Elyvilon
Fedhas
Gozag
Hepliaklqana
Kikubaaqudgha
Makhleb
Nemelex Xobeh
Okawaru
Ru
Sif Muna
Trog
Uskayaw
Vehumet
Wu Jian
Xom
Yredelemnul
Zin
The Shining One

Shops:
D:2 (   D:4 (   D:5 (==:   D:8 [

Annotations:
D:8 2 runed translucent doors IceCv exclusion: 2 ice statues


Innate Abilities, Weirdness & Mutations

You cannot wear most types of armour.
You are amphibious.
You can wear up to eight rings at the same time.
Your skin changes colour to match your surroundings (Stealth+).
Your rubbery body absorbs attacks. (AC +1, EV +1)
((You are camouflaged when in or above water. (Stealth+)))
You have tentacles for arms and can constrict up to eight enemies at once.


Message History

The ice beast misses you. The ice statue gestures at you.
The shard of ice misses you.
You hit the ice statue.
You squeeze the ice statue, but do no damage.
The ice statue is heavily damaged.
Your +12 dagger of Extermination {spect, rF+ Int+4 SInv} hits the ice statue but does no damage.
Your warg bites the ice beast!
The ice beast closely misses your warg. The ice statue gestures at you.
The freezing blast engulfs the ice beast.
The ice beast completely resists.
The ice statue gestures at you. The shard of ice misses you.
You swap places.
You are engulfed in freezing vapours.
Your warg is engulfed in freezing vapours.
The ice beast closely misses your warg.
You are engulfed in freezing vapours.
* * * LOW HITPOINT WARNING * * *
Your warg is engulfed in freezing vapours.
Your warg dies!
Your warg's corpse disappears in a puff of smoke!
The ice beast barely misses your guardian golem.
You are confused.
You feel invigorated.
The ice beast hits your guardian golem but does no damage.
Your guardian golem is engulfed in freezing vapours.
The ice beast hits you.
* * * LOW HITPOINT WARNING * * *
The ice beast freezes you!
* * * LOW HITPOINT WARNING * * *
Okay, then.
You are too confused!
Your guardian golem is engulfed in freezing vapours.
Something hits your guardian golem. Something freezes your guardian golem.
Your guardian golem resists.
The ice beast hits you.
* * * LOW HITPOINT WARNING * * *
The ice beast freezes you!
You die...
Your body crumbles into a pile of gold.

##..## ##....# ##.....#
#......8 #### #......##
######..## #.......###
##..##....##
##.........###..........#
#.....°$9○Y.#.......∩.∩.#
#.......○##@...##.......#
#......Y####..#####....##
##..$..§8# #### ##..##
##.#§#### #### ####


You could see an ice beast (summoned) and a friendly guardian golem (summoned).

Vanquished Creatures
  A troll (D:10)
  A yak (D:6)
  2 wraiths (D:10)
  A steam dragon (D:9)
  A sky beast (D:8)
  An ice beast (D:6)
  A black bear (D:5)
  A centaur (D:10)
  2 phantoms
  A bullfrog (D:9)
  A wight (D:9)
  A jelly (D:5)
  2 orc priests
  A hound (D:6)
  Jessica (D:2)
  Terence (D:3)
  An orc wizard (D:5)
  Ijyb (D:5)
  2 adders
  A white imp (D:8)
  7 orcs
  2 bats
  An endoplasm (D:3)
  3 goblins
  3 hobgoblins
  A quokka (D:1)
  5 ball pythons
  2 frilled lizards
  2 kobolds (D:2)
  A rat (D:3)
51 creatures vanquished.

Vanquished Creatures (collateral kills)
  Josephine (D:10)
  A two-headed ogre (D:9)
  Sonja (D:10)
  A cyclops (D:11)
  An ice devil (IceCv)
  A komodo dragon (D:11)
  3 trolls
  2 hornets
  Sigmund (D:3)
  A vampire (D:10)
  4 wraiths
  4 yaks
  2 vampire mosquitoes (D:11)
  Menkaure (D:6)
  Edmund (D:5)
  An acid dragon (D:6)
  An orc warrior (D:9)
  3 black bears
  An ogre (D:6)
  2 centaurs (D:9)
  A phantom (D:4)
  2 bullfrogs
  A necrophage (D:8)
  A two-headed ogre simulacrum (IceCv)
  A scorpion (D:5)
  3 wights (D:9)
  2 killer bees (D:8)
  2 howler monkeys
  A jelly (D:7)
  3 orc priests
  4 hounds
  An iguana (D:6)
  6 orc wizards
  A spriggan simulacrum (IceCv)
  A wolf simulacrum (IceCv)
  6 gnolls
  A naga simulacrum (IceCv)
  5 adders
  4 white imps
  A dart slug (D:2)
  12 orcs
  5 endoplasms
  2 giant cockroaches
  5 goblins
  2 hobgoblins
  3 ball pythons
  4 bats
  3 kobolds
  5 rats
121 creatures vanquished.

Vanquished Creatures (others)
  A hydra (D:11)
  A two-headed ogre (D:11)
  Joseph (D:10)
  5 yaks
  An acid dragon (D:8)
  2 orc warriors
  A two-headed ogre simulacrum (IceCv)
  A wight (D:9)
  A killer bee (D:8)
  A howler monkey (D:8)
  A gnoll bouda (D:7)
  An orc priest (D:7)
  An orc wizard (D:7)
  2 gnolls (D:7)
  An orc (D:7)
  3 fungi (D:11)
  4 plants (D:2)
28 creatures vanquished.

Grand Total: 200 creatures vanquished

Notes
Turn   | Place    | Note
-------+----------+-------------------------------------------
     0 | D:1      | Kaiern the Octopode Summoner began the quest for the Orb.
     0 | D:1      | Reached XP level 1. HP: 11/11 MP: 3/3
   341 | D:1      | Reached XP level 2. HP: 17/17 MP: 3/5
   356 | D:1      | Learned a level 2 spell: Call Imp
   836 | D:1      | Found a faded altar of an unknown god.
  1608 | D:2      | Noticed Jessica
  1670 | D:2      | Reached XP level 3. HP: 21/21 MP: 1/6
  1719 | D:2      | Learned a level 3 spell: Call Canine Familiar
  1864 | D:2      | Found Kyp Dap's Antique Weapon Boutique.
  1932 | D:2      | Reached XP level 4. HP: 26/27 MP: 1/7
  2092 | D:2      | Killed Jessica
  2584 | D:3      | Noticed Terence
  2599 | D:3      | Killed Terence
  2600 | D:3      | Reached XP level 5. HP: 31/31 MP: 1/9
  2669 | D:3      | Learned a level 3 spell: Summon Guardian Golem
  2673 | D:3      | Noticed Sigmund
  2931 | D:3      | Killed Sigmund
  2932 | D:3      | Reached skill level 5 in Stealth
  2932 | D:3      | Reached skill level 5 in Summonings
  2932 | D:3      | Reached XP level 6. HP: 36/36 MP: 4/11
  3066 | D:3      | Identified the +2 leather armour of Hicivu {Str+3 Dex+4}
  3551 | D:4      | Found Neuhocebb's Antique Weapon Shop.
  3568 | D:4      | Bought a crystal dagger for 126 gold pieces
  3568 | D:4      | Identified the +12 dagger of Extermination {spect, rF+
                  | Int+4 SInv} (You bought it in a shop on level 4 of the
                  | Dungeon)
  4163 | D:4      | Reached skill level 1 in Fighting
  4327 | D:5      | Entered Level 5 of the Dungeon
  4328 | D:5      | Identified a scroll of acquirement
  4328 | D:5      | Acquired the ring of Makhleb's Scorn {Fire Will+ Dex+6}
  4334 | D:5      | Found Gataetum's Jewellery Shop.
  4345 | D:5      | Found Joquq's Book Boutique.
  4347 | D:5      | Noticed Edmund
  4358 | D:5      | Killed Edmund
  4359 | D:5      | Reached XP level 7. HP: 44/44 MP: 5/12
  4432 | D:5      | Found Wielitan's Jewellery Emporium.
  4452 | D:5      | Noticed Ijyb
  4467 | D:5      | Killed Ijyb
  4577 | D:5      | Found Tothriaca's Antique Weapon Shop.
  4607 | D:5      | Found a white marble altar of Elyvilon.
  4624 | D:5      | Reached XP level 8. HP: 45/52 MP: 9/14
  4870 | D:6      | Noticed a wraith
  4913 | D:6      | Noticed Menkaure
  4951 | D:6      | Killed Menkaure
  4952 | D:6      | Reached skill level 5 in Spellcasting
  5099 | D:6      | Learned a level 4 spell: Summon Lightning Spire
  5200 | D:6      | Noticed a yak
  5371 | D:6      | Noticed a yak
  5380 | D:6      | Noticed a yak
  5389 | D:6      | Killed a yak
  5391 | D:6      | Noticed a yak
  5395 | D:6      | Noticed a yak
  5402 | D:6      | Killed a yak
  5402 | D:6      | Noticed a yak
  5403 | D:6      | Reached skill level 1 in Air Magic
  5403 | D:6      | Reached XP level 9. HP: 60/60 MP: 3/17
  5408 | D:6      | Reached skill level 5 in Fighting
  5408 | D:6      | Reached skill level 5 in Dodging
  5564 | D:6      | Found a staircase to the Ecumenical Temple.
  5581 | Temple   | Entered the Ecumenical Temple
  5742 | Temple   | Became a worshipper of Gozag Ym Sagoz the Greedy
  6866 | D:8      | Reached XP level 10. HP: 68/68 MP: 12/20
  6867 | D:8      | Found Lomost's Armour Emporium.
  6898 | D:8      | Found a large runed translucent door.
  7013 | D:8      | Found a large runed translucent door.
  7530 | D:8      | Found a snail-covered altar of Cheibriados.
  7530 | D:8      | Found a shadowy altar of Dithmenos.
  7532 | D:8      | Found a hazy altar of Hepliaklqana.
  7928 | D:9      | Found a bloodstained altar of Trog.
  8286 | D:9      | Noticed a two-headed ogre
  8306 | D:9      | Killed a two-headed ogre
  8335 | D:9      | Found a staircase to the Lair.
  8643 | D:5      | Bought the ring "Peodyideer" {rElec rF+ Int+6 Stlth+} for
                  | 657 gold pieces
  8748 | D:10     | Entered Level 10 of the Dungeon
  8748 | D:10     | Noticed Josephine
  8900 | D:10     | Found a broken altar of Ashenzari.
  9076 | D:10     | Reached XP level 11. HP: 76/76 MP: 14/23
  9083 | D:10     | Killed Josephine
  9192 | D:10     | Found a radiant altar of Vehumet.
  9194 | D:10     | Found an ornate altar of the Wu Jian Council.
  9447 | D:10     | Noticed Joseph
  9463 | D:10     | Killed Joseph
  9594 | D:10     | Noticed Sonja
  9603 | D:10     | Killed Sonja
  9951 | D:5      | Bought a ring of poison resistance for 220 gold pieces
 10167 | D:11     | Noticed a cyclops
 10176 | D:11     | Killed a cyclops
 10207 | D:11     | Got the Parchment of the Hyperbolic Blizzard
 10217 | D:11     | Learned a level 5 spell: Summon Forest
 10354 | D:11     | Found a shimmering blue altar of Sif Muna.
 10434 | D:11     | Noticed a seven-headed hydra
 10451 | D:11     | Killed a seven-headed hydra
 10463 | D:11     | Reached skill level 1 in Translocations
 10553 | D:11     | Noticed a two-headed ogre
 10571 | D:11     | Killed a two-headed ogre
 10986 | D:12     | Found a frozen archway.
 10991 | IceCv    | Entered an ice cave
 11061 | IceCv    | HP: 4/80 [ice beast[an ice statue] (10)]
 11063 | IceCv    | Slain by an ice beast

Illustrated notes

Levels and vault maps discovered:
D:1:      psy_arrival_dodecagon, layout_basic, shapermc_ecumenical_altar_venn,
          minivault_27, roderic_roman_lattice, grunt_decor_mini_mirrors,
          minmay_surrounded
D:2:      layout_loops_cross, serial_shops, shop, serial_forest,
          infiniplex_forest_clump_tiny, infiniplex_forest_lined_3,
          infiniplex_forest_lined_room_2, infiniplex_forest_clump_long,
          infiniplex_forest_clump_small, uniq_jessica
D:3:      layout_loops_ring, minmay_circle_x, uniq_sigmund, uniq_terence
D:4:      layout_basic, nicolae_stop_n_shop_2
D:5:      layout_layer_cave, mainiacjoe_overflow_small_starburst, serial_shops,
          kennysheep_little_box, nicolae_shop_trees, nicolae_shop_crystal, shop,
          uniq_edmund, uniq_ijyb
D:6:      layout_loops_ring, minmay_temple_entry_junction,
          grunt_decor_resistance, skrybe_limestone_x, uniq_menkaure
D:7:      layout_rooms
D:8:      minmay_skewed_foursquare, layout_loops_ring, jmf_multi_god_temple2,
          nicolae_overflow_hidden_temple, serial_shops, shop, serial_glass,
          glass_columns_b, glass_columns_c, minivault_27
D:9:      layout_cave_pools, marbit_many_paths, lair_entry_dummy
D:10:     layout_irregular_city, grunt_temple_overflow_open, uniq_josephine,
          uniq_sonja, uniq_joseph
D:11:     nicolae_BIG_FREAKIN_CUBE, layout_basic, fungi_pond_lemuel,
          led_sif_pool
D:12:     minmay_twisted_water, layout_irregular_city,
          minmay_orc_entry_temple_small, portal_ice_cave_entry_pillars_1,
          minivault_19
Temple:   minmay_temple_bridge_abc
IceCv:    ice_cave_small_demon

Skill      XL: |  1  2  3  4  5  6  7  8  9 10 11 |
---------------+----------------------------------+-----
Stealth        | 3 4 5 |  5.2
Dodging        | 3 4 6 7 9 |  9.0
Spellcasting   | 3 4 5 6 8 9 |  9.0
Summonings     | 5 6 7 8 9 |  9.4
Fighting       | 1 3 4 6 7 9 |  9.0
Air Magic      | 1 3 4 |  4.0
Translocations | 2 |  2.2

Action                   |  1- 3 |  4- 6 |  7- 9 | 10-12 || total
-------------------------+-------+-------+-------+-------++-------
Melee: Dagger            |    15 |    12 |    25 |    32 ||    84
       Constrict         |     5 |     6 |     5 |     9 ||    25
       Tentacles         |     2 |     7 |     9 |    11 ||    29
       Punch             |       |     1 |       |     1 ||     2
       Falchion          |       |    17 |       |       ||    17
 Cast: Summon Small Mamm |    21 |    40 |    10 |     7 ||    78
       Call Imp          |    16 |    16 |    16 |    19 ||    67
       Call Canine Famil |       |     6 |    19 |    21 ||    46
       Summon Guardian G |       |       |    14 |    28 ||    42
       Summon Lightning  |       |       |       |    11 ||    11
  Use: Scroll            |       |    11 |       |    13 ||    24
       Potion            |       |       |       |     1 ||     1
 Stab: Sleeping          |     1 |     1 |       |       ||     2
       Distracted        |       |       |     2 |       ||     2
Armor: Skin              |     2 |     2 |     3 |     1 ||     8
Dodge: Dodged            |    18 |    25 |    11 |    38 ||    92
